 Dungeon Crawl Stone Soup version 0.19.1-1-g22dce08 (console) character file.

1357 Grinner the Ducker (level 8, -13/59 HPs)
             Began as a Minotaur Transmuter on Jan 15, 2017.
             Mangled by an orc warrior
             ... wielding a +0 flail
              (14 damage)
             ... on level 7 of the Dungeon.
             The game lasted 00:21:01 (5328 turns).

Grinner the Ducker (Minotaur Transmuter)            Turns: 5328, Time: 00:21:01

Health: -13/59     AC:  7    Str: 16    XL:     8   Next: 37%
Magic:  10/10      EV: 15    Int: 11    God:
Gold:   380        SH:  0    Dex: 11    Spells: 1 memorised, 10 levels left

rFire  . . .     SeeInvis .     s - +2 war axe (elec)
rCold  . . .     Gourm    .     b - +1 robe
rNeg   . . .     Faith    .     (no shield)
rPois  .         Spirit   .     l - +2 hat
rElec  .         Reflect  .     (no cloak)
rCorr  .         Harm     .     q - +0 pair of gloves
MR     .....                    j - +0 pair of boots
Stlth  +.........               (no amulet)
                                (no ring)
                                (no ring)

@: very slightly contaminated, hasted, very quick
A: retaliatory headbutt, horns 2
a: no special abilities


You were on level 7 of the Dungeon.
You were not hungry.

You visited 1 branch of the dungeon, and saw 7 of its levels.

You collected 380 gold pieces.

Inventory:

Hand Weapons
 g - a +2 whip of draining
 i - a +0 blowgun
 s - a +2 war axe of electrocution (weapon)
Missiles
 a - 150 arrows
 h - 11 curare-tipped needles
 o - 25 poisoned needles
Armour
 b - a +1 robe (worn)
 j - a +0 pair of boots (worn)
 l - a +2 hat (worn)
 q - a +0 pair of gloves (worn)
Wands
 t - a wand of enslavement (9/24)
Scrolls
 e - 2 scrolls of blinking {unknown}
 m - a scroll of enchant weapon
 u - 4 scrolls of remove curse
 v - a scroll of recharging {unknown}
 w - 2 scrolls of teleportation
 x - 2 scrolls of enchant armour
 y - a scroll of vulnerability {unknown}
Books
 c - a book of Changes

   Spells                             Type                      Level
   a - Beastly Appendage              Transmutation                1
   b - Sticks to Snakes               Transmutation                2
   c - Spider Form                    Transmutation/Poison         3
   d - Ice Form                       Ice/Transmutation            4
   e - Blade Hands                    Transmutation                5
Comestibles
 d - 4 bread rations
 f - 2 beef jerkies
 p - 3 meat rations
 r - 4 fruits


   Skills:
 - Level 1.2 Fighting
 + Level 4.3(4.4) Axes
 - Level 1.2(3.0) Maces & Flails
 * Level 7.3 Dodging
 + Level 5.7 Unarmed Combat
 - Level 2.4 Spellcasting
 + Level 3.9 Transmutations


You had 10 spell levels left.
You knew the following spells:

 Your Spells              Type           Power        Failure   Level  Hunger
z - Beastly Appendage     Tmut           #.....       6%          1    ##.....


Dungeon Overview and Level Annotations

Branches:
Dungeon (7/15)             Temple (0/1) D:5

Altars:
Trog

Annotations:
D:6 rgaf's ghost, novice DDFi


Innate Abilities, Weirdness & Mutations

You reflexively headbutt those who attack you in melee.
You have a pair of horns on your head.


Message History

It was a potion of cure mutation.
It has a very clean taste.
You feel clever.
Your hooves expand and flesh out into feet!
You feel less resistant to poisons. The orc barely misses you.
You hit the orc warrior but do no damage.
The orc warrior hits you with a flail!
* * * LOW HITPOINT WARNING * * *
The orc hits you but does no damage.
You hit the orc warrior but do no damage.
The orc warrior hits you but does no damage.
The orc hits you from afar with a trident.
* * * LOW HITPOINT WARNING * * *
You slash the orc warrior!
The orc warrior is moderately wounded.
You hit the orc warrior.
There is a sudden explosion of sparks!
Your headbutt misses the orc warrior.
The orc warrior is almost dead.
The orc warrior hits you with a flail!
You die... ###### #@ooo#

####'## #...#
#...# .
#######...# .
.........##.# .
.######..# .# ..
........o##'##...
.!....†..#.......


You could see an orc warrior and 2 orcs.

Vanquished Creatures
  An ice beast (D:5)
  A sky beast (D:5)
  2 centaurs (D:5)
  Blork the orc (D:3)
  A scorpion (D:4)
  A howler monkey (D:4)
  A crimson imp (D:5)
  3 hounds (D:4)
  4 orc wizards
  A gnoll shaman (D:4)
  2 orc priests (D:5)
  A jelly (D:6)
  A bullfrog skeleton (D:3)
  4 worker ants
  12 gnolls
  2 howler monkey skeletons
  11 adders
  A shadow imp (D:5)
  An ooze (D:3)
  2 adder skeletons (D:4)
  5 worms
  3 dart slugs
  6 leopard geckos
  19 orcs
  2 ball pythons (D:1)
  7 bats
  A giant cockroach (D:4)
  7 goblins
  4 hobgoblins
  7 jackals
  2 quokkas
  5 frilled lizards
  A jackal skeleton (D:4)
  8 kobolds
  A quokka zombie (D:5)
  16 rats
147 creatures vanquished.

Vanquished Creatures (collateral kills)
  An orc (D:7)
1 creature vanquished.

Grand Total: 148 creatures vanquished

Notes
Turn   | Place    | Note
-------+----------+-------------------------------------------
     0 | D:1      | Grinner the Minotaur Transmuter began the quest for the Orb.
     0 | D:1      | Reached XP level 1. HP: 16/16 MP: 1/1
   394 | D:1      | Reached XP level 2. HP: 23/23 MP: 3/3
  1054 | D:2      | Reached XP level 3. HP: 26/28 MP: 4/4
  1546 | D:2      | Found a bloodstained altar of Trog.
  1636 | D:2      | Reached XP level 4. HP: 16/35 MP: 6/6
  1638 | D:2      | Gained mutation: You are dopey. (Int -2) [potion of mutation]
  1638 | D:2      | Gained mutation: Your system is resistant to poisons. (rPois) [potion of mutation]
  1638 | D:2      | Gained mutation: You have large cloven feet. [potion of mutation]
  1643 | D:2      | Reached skill level 3 in Dodging
  2106 | D:3      | Reached XP level 5. HP: 29/40 MP: 7/7
  2308 | D:3      | Reached skill level 1 in Maces & Flails
  2483 | D:3      | Reached skill level 4 in Dodging
  2517 | D:3      | Reached skill level 1 in Axes
  2610 | D:4      | Noticed Blork the orc
  2627 | D:3      | Killed Blork the orc
  2627 | D:3      | Reached XP level 6. HP: 20/47 MP: 8/8
  2946 | D:4      | Reached skill level 5 in Dodging
  3033 | D:4      | Reached XP level 7. HP: 52/52 MP: 9/9
  3723 | D:4      | Reached skill level 5 in Unarmed Combat
  3732 | D:4      | Reached skill level 6 in Dodging
  3829 | D:5      | Entered Level 5 of the Dungeon
  4138 | D:5      | Reached XP level 8. HP: 59/59 MP: 10/10
  4209 | D:5      | Found a staircase to the Ecumenical Temple.
  4658 | D:5      | Reached skill level 7 in Dodging
  5182 | D:6      | Noticed rgaf's ghost (novice DDFi)
  5324 | D:7      | Lost mutation: You are dopey. (Int -2) [potion of cure mutation]
  5324 | D:7      | Lost mutation: You have large cloven feet. [potion of cure mutation]
  5324 | D:7      | Lost mutation: Your system is resistant to poisons. (rPois) [potion of cure mutation]
  5326 | D:7      | HP: 1/59 [orc/trident (5)]
  5328 | D:7      | Mangled by an orc warrior

Skill      XL: |  1  2  3  4  5  6  7  8 |
---------------+-------------------------+-----
Spellcasting   | 2 |  2.4
Dodging        | 3 4 5 6 7 |  7.3
Transmutations | 2 3 |  3.9
Maces & Flails | 1 |  1.2
Unarmed Combat | 4 5 |  5.7
Axes           | 1 2 3 4 |  4.3
Fighting       | |  1.2

Action                   |  1- 3 |  4- 6 |  7- 9 || total
-------------------------+-------+-------+-------++-------
Melee: Unarmed           |   122 |    31 |       ||   153
       Headbutt          |    12 |    20 |    10 ||    42
       Punch             |     1 |     5 |     3 ||     9
       War axe           |       |   105 |   144 ||   249
       Whip              |       |       |     7 ||     7
Evoke: Wand              |       |       |     1 ||     1
  Use: Scroll            |       |     8 |     2 ||    10
       Potion            |       |     3 |     6 ||     9
 Stab: Sleeping          |     2 |       |     1 ||     3
  Eat: Chunk             |     2 |     5 |     6 ||    13
       Meat ration       |       |       |     1 ||     1
Armor: Robe              |    29 |    38 |    50 ||   117
Dodge: Dodged            |    68 |   112 |   123 ||   303
